[Event "Open NK Rapid 2025 bord 26-50"]
[Site "Helmond, Netherlands"]
[Date "2025.05.03"]
[Round "3.25"]
[White "Jansen, Marijn"]
[Black "Shalai, Marian"]
[Result "1-0"]
[TimeControl "15 min +5 sec increment"]
[WhiteFideId "1089587"]
[WhiteElo "1880"]
[BlackElo "1746"]

1. e4 e5 2. Nf3 Nc6 3. Bc4 h6 4. O-O Bc5 5. c3 d6 6. d4 exd4 7. cxd4 Bb6 8. Nc3 Bg4 9. Be3 Qe7 10.
Nd5 Qd7 11. Nxb6 cxb6 12. Qe2 Nf6 13. d5 Ne5 14. Bb5 Nc6 15. Rac1 Rc8 16. dxc6 bxc6 17. Bd3 O-O 18. Rfd1 Qe6 19.
Bf4 Nh5 20. Bg3 c5 21. Qe3 Nxg3 22. hxg3 Qxa2 23. Ra1 Qb3 24. Qf4 Qe6 25. Rxa7 c4 26. Be2 Rfd8 27. Nd4 Qg6 28. Qxg4 Qxg4 29.
Bxg4 Rc5 30. Rb7 d5 31. Rxb6 dxe4 32. Nc2 Rf8 33. Rd4 f5 34. Be2 c3 35. bxc3 Rxc3 36. Rc4 Rc8 37. Rxc8+ Rxc8 38. Ne3 Kh8 39. Nxf5 Kh7 40.
Rb7 Rg8 41. Bc4 Rf8 42. Rxg7+ Kh8 43. Rf7 Rc8 44. Bd5 Rc5 45. Bxe4 Kg8 46. Nxh6+ Kh8 47. Rh7# 1-0

[Event "Open NK Rapid 2025 bord 26-50"]
[Site "Helmond, Netherlands"]
[Date "2025.05.03"]
[Round "4.1"]
[White "Neuwald, Johannes"]
[Black "Bekkink, Sereyo"]
[Result "0-1"]
[TimeControl "15 min +5 sec increment"]
[WhiteFideId "34683240"]
[BlackFideId "1037161"]
[WhiteElo "1839"]
[BlackElo "2064"]

1. e4 c5 2. a3 Nc6 3. b4 d5 4. b5 Nb8 5. exd5 Nf6 6. c4 e6 7. dxe6 Bxe6 8. Nc3 Bd6 9. Nf3 O-O 10.
Be2 Nbd7 11. O-O Ne5 12. d3 Qc7 13. h3 Rad8 14. Qc2 Bf5 15. Ne4 Nxf3+ 16. Bxf3 Bh2+ 17. Kh1 Be5 18. Rb1 Qc8 19.
g4 Bg6 20. Bg5 Rfe8 21. Rbd1 Rd7 22. Bxf6 Bxf6 23. Nxf6+ gxf6 24. Bd5 Rde7 25. Qd2 Re2 26. Qf4 Qd8 27. Bxb7 f5 28. gxf5 Bh5 29.
f6 R8e5 30. Qg3+ Bg6 31. Be4 Qxf6 32. Bxg6 hxg6 33. h4 Rh5 34. Rfe1 Rxf2 35. Kg1 Rf3 36. Qg2 Rxh4 37. d4 cxd4 38. Rf1 Rxf1+ 39. Rxf1 Qe6 40. Qd5 Qxd5 41. cxd5 Rh5 42. a4 Rxd5 43. Rc1 d3 44. Kf2 Kf8 45. Ke3 d2 46. Rd1 Ke7 0-1

[Event "Open NK Rapid 2025 bord 26-50"]
[Site "Helmond, Netherlands"]
[Date "2025.05.03"]
[Round "4.2"]
[White "Roebers, Jan"]
[Black "Nies, Levi"]
[Result "0-1"]
[TimeControl "15 min +5 sec increment"]
[WhiteFideId "1007815"]
[BlackFideId "1061275"]
[WhiteElo "2058"]
[BlackElo "1828"]

1. a3 e5 2. h3 d5 3. g3 Be6 4.
Bg2 Bc5 5. e3 Nd7 6. Ne2 c6 7. d3 Ne7 8. b4 Bb6 9. Bb2 O-O 10. Nd2 Ng6 11. Nf3 Qe7 12. Rc1 Rad8 13. h4 h5 14.
Ng5 Bg4 15. Bh3 Nf6 16. Qd2 c5 17. Bg2 c4 18. O-O Qc7 19. d4 e4 20. Nc3 Qd7 21. f3 exf3 22. Bxf3 Bc7 23. Qf2 Rde8 24.
Rce1 Bh3 25. Nxh3 Qxh3 26. Ne2 Ne4 27. Bxe4 Rxe4 28. Nf4 Nxf4 29. exf4 f5 30. Re3 Rf6 31. Rfe1 Rg6 32. Qg2 Qxg2+ 33. Kxg2 Bxf4 34. Rxe4 Rxg3+ 35. Kf2 fxe4 36. Bc1 Rf3+ 37.
Kg2 Bxc1 38. Rxc1 Rxa3 39. c3 Kf7 40. Kg3 b6 41.
Kf4 a5 42. bxa5 bxa5 43. Ke5 e3 44. Kxd5 e2 45. Kxc4 Ke6 46. Re1 Ra2 47. Kb3 Rd2 48. Ka4 Kd5 49. Kxa5 Kc4 50. Kb6 Kxc3 51. d5 Rxd5 52. Rxe2 Rd4 53. Rg2 Rg4 54. Rh2 Kd4 55. Kc6 Ke4 56. Kd6 Kf4 57. Ke6 Kg3 58. Rh1 Kg2 59.
Ra1 Rxh4 60. Kf5 Rg4 61. Ra2+ Kh3 62. Ra3+ Rg3 63. Ra1 g6+ 64. Ke4 Kg4 65. Ra6 g5 66. Ke5 Re3+ 67. Kd4 Rf3 68.
Ra1 h4 69. Ke4 h3 70. Ra2 Rg3 71. Rh2 Rg2 72. Rh1 Kg3 73. Ra1 g4 74. Ra3+ Kh2 75. Kf4 Rg1 76. Ra2+ Rg2 77. Ra3 g3 78. Kf3 Rf2+ 79. Ke3 Rb2 80. Ra1 g2 81. Kf3 g1=Q 82.
Ra6 Qf1+ 83. Ke4 Qxa6 84. Kd5 Rb5+ 85. Kc4 Qa4+ 86. Kc3 Rb3+ 87. Kc2 Qa2+ 88. Kd1 Rb1# 0-1

[Event "Open NK Rapid 2025 bord 26-50"]
[Site "Helmond, Netherlands"]
[Date "2025.05.03"]
[Round "4.3"]
[White "Shakya, Amin"]
[Black "Margaryan, Aren"]
[Result "0-1"]
[TimeControl "15 min +5 sec increment"]
[WhiteFideId "12311677"]
[BlackFideId "40105075"]
[WhiteElo "1826"]
[BlackElo "2054"]

1. b3 e5 2. Bb2 Nc6 3. e3 Nf6 4.
Nf3 d6 5. Bb5 Bd7 6. O-O Be7 7. c4 a6 8. Bxc6 Bxc6 9. Nc3 Qd7 10. h3 Qf5 11. Qe2 Bxf3 12. Qxf3 Qxf3 13. gxf3 g5 14.
Nd5 Nxd5 15. cxd5 f5 16. Rac1 Kd7 17. Rc4 Raf8 18. Rfc1 Bd8 19. Kf1 Rhg8 20. a4 Rf6 21. f4 gxf4 22.
exf4 Rh6 23. fxe5 dxe5 24. Bxe5 Rxh3 25. Bg3 Rh1+ 26. Kg2 Rxc1 27. Rxc1 f4 28. Rh1 Rg7 29. Kf3 fxg3 30. fxg3 Kd6 31. Rh5 Bg5 32. b4 Bxd2 33.
b5 axb5 34. axb5 Rg5 35. Rh6+ Kxd5 36. Rxh7 Ba5 37. Kf4 Rg8 38. g4 Kc4 39. Rh5 Bb6 40. Rf5 Bc5 41. g5 Rf8 42. Rxf8 Bxf8 43.
b6 cxb6 44. Kf5 Bc5 45. g6 Bd4 46. Ke6 b5 47. Kd6 b4 48. Ke6 b3 49. Kd7 b2 50. g7 Bxg7 51. Kc8 b1=Q 52. Kb8 Be5+ 53.
Kc8 Qf5+ 54. Kd8 Bd6 55. Ke8 Qh7 0-1

[Event "Open NK Rapid 2025 bord 26-50"]
[Site "Helmond, Netherlands"]
[Date "2025.05.03"]
[Round "4.4"]
[White "Ritzerveld, Noah"]
[Black "Robinson, Roland"]
[Result "1-0"]
[TimeControl "15 min +5 sec increment"]
[WhiteFideId "1085760"]
[BlackFideId "1029142"]
[WhiteElo "2053"]
[BlackElo "1819"]

1. e4 c6 2. d4 d5 3. Nc3 dxe4 4. Nxe4 Nf6 5. Nxf6+ exf6 6.
c3 Bd6 7. Bd3 O-O 8. Qc2 g6 9.
Be3 Nd7 10. O-O-O Re8 11. h4 Nf8 12. h5 Qc7 13. Ne2 Bg4 14. hxg6 fxg6 15. c4 Bxe2 16. Qxe2 Bf4 17. Kb1 Rad8 18.
Qf3 Bxe3 19. fxe3 Qe7 20. Rhe1 Ne6 21. a3 Ng5 22. Qf2 Ne4 23. Qc2 Kg7 24. Rf1 h5 25. Ka2 Qe6 26. Ka1 g5 27.
Qb3 b6 28. Qa4 a5 29. Qb3 Rb8 30. d5 cxd5 31. cxd5 Nc5 32. Qc2 Qf7 33. d6 Nxd3 34. Rxd3 Red8 35. Qc6 Qd7 36. Qc3 Rf8 37. Rd5 Kg6 38.
Qd3+ Kh6 39. Qd4 1-0

[Event "Open NK Rapid 2025 bord 26-50"]
[Site "Helmond, Netherlands"]
[Date "2025.05.03"]
[Round "4.5"]
[White "Elferink, Leon"]
[Black "Kshirsagar, Pranav"]
[Result "1-0"]
[TimeControl "15 min +5 sec increment"]
[WhiteFideId "1086545"]
[BlackFideId "1084011"]
[WhiteElo "1822"]
[BlackElo "2049"]

1. e4 c6 2. d4 d5 3. exd5 cxd5 4. Bd3 Nc6 5. c3 Nf6 6. h3 g6 7. Nf3 Bg7 8. O-O O-O 9. Re1 Qc7 10. Be3 Re8 11. Nbd2 Bd7 12. Nb3 b6 13. a4 e5 14. dxe5 Nxe5 15.
Nxe5 Qxe5 16. a5 b5 17. Nc5 Bc6 18. Bd4 Qg5 19. Qf3 Nh5 20. Be3 Qe7 21. g4 Nf6 22. Re2 Qd6 23. Qf4 Qd8 24. Rae1 d4 25. Bxd4 Rxe2 26. Rxe2 Qd5 27. Ne4 Nxe4 28. Bxe4 Qc4 29. Bxc6 Qxc6 30.
Qe4 Qc8 31. Bxg7 Kxg7 32. Qe5+ Kg8 33. Qxb5 Rb8 34. Qe5 a6 35.
Rd2 Rb5 36. Qe7 Qc4 37. Rd8+ Kg7 38. g5 Qc5 39. Qf6# 1-0

[Event "Open NK Rapid 2025 bord 26-50"]
[Site "Helmond, Netherlands"]
[Date "2025.05.03"]
[Round "4.6"]
[White "Van Ravensteijn, Antal"]
[Black "Ngangbam, Chingthang"]
[Result "1-0"]
[TimeControl "15 min +5 sec increment"]
[WhiteFideId "1060759"]
[BlackFideId "1086510"]
[WhiteElo "2048"]
[BlackElo "1812"]

1. Nf3 Nf6 2. g3 g6 3. Bg2 Bg7 4. O-O c5 5. c4 O-O 6. Nc3 Nc6 7. d4 cxd4 8. Nxd4 Qb6 9. Nb3 d6 10.
Be3 Qc7 11. Rc1 Bd7 12. Qd2 Ng4 13. Nd5 Qd8 14. Nd4 Nxe3 15. Nxc6 Nxf1 16. Ncxe7+ Kh8 17. Kxf1 Re8 18.
Qg5 f6 19. Nxg6+ hxg6 20. Qxg6 Bc6 21. Rc3 Re5 22. g4 Rc8 23. Rh3+ Kg8 24. f4 Bxd5 25. cxd5 Rc1+ 26. Kf2 Qb6+ 27.
Kg3 Re3+ 28. Bf3 Rg1+ 29. Kh4 Qd4 30. Qf5 Re8 31. Qd7 Qe3 32. Qxd6 Qe7 33. Qe6+ Qxe6 34. dxe6 Rb1 35. Bd5 Kf8 36.
Rb3 b6 37. Rc3 Bh6 38. g5 fxg5+ 39. fxg5 Bg7 40. Rc7 Rxb2 41. Rf7+ Kg8 42. e7 Kh8 43. Kh5 Rxe2 44. Kg6 R2xe7 45. Rf4 Be5 46. Rh4+ Rh7 47. Rxh7# 1-0

[Event "Open NK Rapid 2025 bord 26-50"]
[Site "Helmond, Netherlands"]
[Date "2025.05.03"]
[Round "4.7"]
[White "Werkhoven, Maarten"]
[Black "Thodam, Malte"]
[Result "0-1"]
[TimeControl "15 min +5 sec increment"]
[WhiteFideId "1014188"]
[BlackFideId "24687120"]
[WhiteElo "1822"]
[BlackElo "2044"]

1. Nc3 d5 2. e4 d4 3. Nce2 c5 4.
Nf3 Nc6 5. Ng3 g6 6. Bc4 Bg7 7. O-O Nf6 8. d3 O-O 9. Bg5 h6 10. Bd2 Bg4 11. h3 Bxf3 12. Qxf3 Ne5 13. Qe2 Nxc4 14. dxc4 Qb6 15. b3 Nd7 16.
f4 d3 17. Qxd3 Bxa1 18. Rxa1 Rad8 19. Qe3 Qf6 20. Bc3 e5 21. f5 Qg5 22. Qf3 Qf4 23. Rf1 Qxf3 24. Rxf3 Kg7 25. h4 Rfe8 26.
fxg6 fxg6 27. h5 Rf8 28. Rd3 gxh5 29. Nf5+ Kg6 30. Rg3+ Kf6 31. Nxh6 Ke6 32. Nf5 Rg8 33. Ng7+ Kf7 34.
Nxh5 Rxg3 35. Nxg3 Ke6 36. Nf5 Nf6 37. Ng7+ Kd6 38. Nf5+ Ke6 39. Ng7+ Kf7 40. Nf5 Rd1+ 41. Kh2 Nxe4 42. Bxe5 Ke6 43. Ne3 Re1 44. Bf4 Re2 45. Kg1 Re1+ 46.
Kh2 Ra1 47. a4 Re1 48. a5 a6 49. Nd5 Kf5 50.
Bg3 Nxg3 51. Kxg3 Re2 52. c3 Rb2 53. b4 cxb4 54. cxb4 Ke5 55. Nb6 Rxb4 56. Nd7+ Kd6 57. Nb6 Kc6 58.
Kf4 Rb2 59. g4 Ra2 60. g5 Rxa5 61. g6 Ra1 62.
Nd5 Rf1+ 63. Kg5 a5 64. Kh6 Rh1 65. Kg7 a4 66. Kf7 a3 67. g7 Rg1 68. Nb4+ Kc5 69. Na2 Kxc4 70. g8=Q Rxg8 71. Kxg8 b5 72. Kf7 b4 73. Ke6 b3 74. Nc1 b2 0-1

[Event "Open NK Rapid 2025 bord 26-50"]
[Site "Helmond, Netherlands"]
[Date "2025.05.03"]
[Round "4.8"]
[White "Aarts, Joaquin"]
[Black "Sleeckx, Alexander"]
[Result "1-0"]
[TimeControl "15 min +5 sec increment"]
[WhiteFideId "1078224"]
[BlackFideId "1091972"]
[WhiteElo "2027"]
[BlackElo "1813"]

1. d4 Nf6 2. c4 e6 3. Nc3 Bb4 4. e3 O-O 5. Bd3 d5 6. a3 Bxc3+ 7. bxc3 dxc4 8. Bxc4 c5 9. Ne2 Qc7 10.
Bd3 b6 11. O-O Bb7 12. Ng3 Nbd7 13. e4 cxd4 14. cxd4 e5 15. d5 Nc5 16. Be3 Nxd3 17. Qxd3 Qd7 18. a4 Ne8 19. a5 Nd6 20.
axb6 axb6 21. Bxb6 Ra4 22. Rxa4 Qxa4 23. Rc1 Ba6 24. Qd1 Qb5 25. Bc5 Rd8 26. Bxd6 Rxd6 27. Rb1 Qe8 28. Nf5 Rd8 29.
h3 g6 30. Ne3 Qe7 31. Qa4 Bc8 32. Qa5 Kg7 33. Qc3 Ba6 34. Ng4 Re8 35. Rb6 h5 36. Rxa6 hxg4 37. hxg4 Qg5 38. f3 Rh8 39.
Ra1 Qf4 40. Kf2 Rb8 41. Qc1 Qf6 42. Rb1 Qh4+ 43. Ke2 Ra8 44. Rb2 Qg3 45. Qf1 Ra3 46. Qf2 Qf4 47. Rc2 Qf6 48. Qc5 Ra1 49.
d6 Ra8 50. Rd2 Rd8 51. d7 Qa6+ 52. Kf2 Qf6 53. Qe3 Qc6 54. Qd3 Qc5+ 55. Ke2 Qg1 56. Qd5 Qxg2+ 57. Ke3 Qg1+ 58. Rf2 Qc1+ 59.
Ke2 Qc7 60. Kf1 Rxd7 61. Qb3 Rd4 62. Qe3 Qd7 63. Rh2 Rd1+ 64. Ke2 Kf8 1-0

[Event "Open NK Rapid 2025 bord 26-50"]
[Site "Helmond, Netherlands"]
[Date "2025.05.03"]
[Round "4.9"]
[White "Kazi, Zidan"]
[Black "Klein, Ron"]
[Result "1/2-1/2"]
[TimeControl "15 min +5 sec increment"]
[WhiteFideId "40102300"]
[BlackFideId "1014668"]
[WhiteElo "1818"]
[BlackElo "2014"]

1. e4 d5 2. exd5 Qxd5 3. Nc3 Qa5 4. d4 Bf5 5. Bd2 c6 6. Nf3 Nf6 7. Bc4 e6 8. O-O Qc7 9. Ne5 Nbd7 10.
Bf4 Bd6 11. Re1 O-O 12. Qf3 Bg6 13. Nxg6 hxg6 14. Bxd6 Qxd6 15. Rad1 Nd5 16. Bxd5 exd5 17. Qg3 Qb4 18. Qh4 Rfe8 19.
Qh3 Nf6 20. Qd3 Re7 21. Rxe7 Qxe7 22. h3 Re8 23. Qd2 Ne4 24. Nxe4 Qxe4 25. Kf1 Re6 26. Re1 1/2-1/2

[Event "Open NK Rapid 2025 bord 26-50"]
[Site "Helmond, Netherlands"]
[Date "2025.05.03"]
[Round "4.10"]
[White "Husers, Yannic"]
[Black "Mau-Asam, LÃ©on"]
[Result "0-1"]
[TimeControl "15 min +5 sec increment"]
[WhiteFideId "1043587"]
[BlackFideId "40105890"]
[WhiteElo "2002"]
[BlackElo "1795"]

1. e4 c5 2. Nf3 Nc6 3. d4 cxd4 4. Nxd4 e6 5. Nc3 Qc7 6. g3 a6 7. Bg2 Nf6 8. O-O Be7 9. a4 O-O 10.
Nce2 Rb8 11. b3 d5 12. exd5 exd5 13. Bb2 Rd8 14. Rc1 Be6 15. Nf4 Rd6 16. Re1 Nxd4 17. Qxd4 Bf8 18. Qd3 Rc6 19.
Bxf6 gxf6 20. Bxd5 Rc3 21. Nxe6 fxe6 22. Bxe6+ Kh8 23. Qf5 Qb6 24. Rcd1 Rc5 25. Qf4 Re8 26. Qxf6+ Bg7 27. Qf7 Rf8 28.
Qe7 Rxc2 29. Bf5 Qxf2+ 0-1

[Event "Open NK Rapid 2025 bord 26-50"]
[Site "Helmond, Netherlands"]
[Date "2025.05.03"]
[Round "4.11"]
[White "Kolijn, David"]
[Black "Den Heijer, Rolinde"]
[Result "0-1"]
[TimeControl "15 min +5 sec increment"]
[WhiteFideId "1099213"]
[BlackFideId "1068300"]
[WhiteElo "1812"]
[BlackElo "1991"]

1. e4 c5 2. Nf3 d6 3. d4 cxd4 4. Nxd4 Nf6 5. Nc3 a6 6. Be3 e5 7. Nf3 Be7 8. Bc4 O-O 9. O-O Qc7 10. Bb3 b5 11. Nd5 Nxd5 12. Bxd5 Bb7 13.
c3 Nd7 14. Bxb7 Qxb7 15. Re1 Rfd8 16. Qc2 d5 17. exd5 Qxd5 18. a3 Bf6 19. Rad1 Qc6 20. Rd2 Nb6 21. Bxb6 Qxb6 22. Rxd8+ Rxd8 23. Nxe5 Qd6 24. Nf3 h6 25.
h3 a5 26. Re2 Qc5 27. Rd2 Rc8 28. Qd3 Re8 29. Re2 Rd8 30. Qe3 Qc7 31. Qe4 Qb6 32. Qe3 Qb8 33. Rd2 Re8 34. Qd3 b4 35.
axb4 axb4 36. c4 Bg5 37. Nxg5 Re1+ 0-1

[Event "Open NK Rapid 2025 bord 26-50"]
[Site "Helmond, Netherlands"]
[Date "2025.05.03"]
[Round "4.12"]
[White "Van Beek, Harmen"]
[Black "Hoornstra, Hans"]
[Result "1-0"]
[TimeControl "15 min +5 sec increment"]
[WhiteFideId "40100022"]
[BlackFideId "1036076"]
[WhiteElo "1806"]
[BlackElo "1976"]

1. e4 c5 2. Nf3 Nc6 3. Bb5 Nf6 4.
e5 Nd5 5. O-O g6 6. Re1 Bg7 7. c3 O-O 8. d4 cxd4 9. cxd4 a6 10. Bf1 d6 11.
Qb3 dxe5 12. dxe5 Be6 13. Ng5 Nd4 14. Qd1 Qb6 15. Nxe6 fxe6 16. Nc3 Nc6 17. Nxd5 Qxf2+ 18. Kh1 Bxe5 19.
Be3 Qh4 20. Bg1 exd5 21. Qxd5+ Kh8 22. Rxe5 Nxe5 23. Qxe5+ Qf6 24. Bd4 Kg8 25. Bc4+ Rf7 26. Bxf7+ Qxf7 27. Qh8# 1-0

[Event "Open NK Rapid 2025 bord 26-50"]
[Site "Helmond, Netherlands"]
[Date "2025.05.03"]
[Round "4.13"]
[White "Landman, Renzo"]
[Black "Ten Kate, Gustav"]
[Result "1-0"]
[TimeControl "15 min +5 sec increment"]
[WhiteFideId "40106306"]
[BlackFideId "1095781"]
[WhiteElo "1975"]
[BlackElo "1800"]

1. e4 c5 2. Nf3 d6 3. c3 Nf6 4. h3 g6 5. Bd3 Bg7 6. Bc2 O-O 7. O-O e5 8. d4 Nc6 9. d5 Ne7 10.
c4 Ne8 11. Nc3 f5 12. exf5 gxf5 13. Ng5 Rf6 14. Qh5 h6 15. Ne6 Bxe6 16. dxe6 Rxe6 17. Bxf5 Nxf5 18. Qxf5 Rf6 19. Qe4 Nc7 20.
Qxb7 Rg6 21. Qe4 Rf6 22. Rd1 Qe7 23. Nd5 Qf7 24. Nxc7 Rc8 25. Nd5 Rxf2 26. Ne7+ Qxe7 27. Kxf2 Rf8+ 28. Kg1 Qf6 29. Be3 1-0

[Event "Open NK Rapid 2025 bord 26-50"]
[Site "Helmond, Netherlands"]
[Date "2025.05.03"]
[Round "4.14"]
[White "Fransen, Jean-Paul"]
[Black "Cakmak, Metehan Tugra"]
[Result "1-0"]
[TimeControl "15 min +5 sec increment"]
[WhiteFideId "40101487"]
[BlackFideId "44583885"]
[WhiteElo "1964"]
[BlackElo "1787"]

1. e4 c5 2. b4 cxb4 3. a3 bxa3 4. d4 e6 5. Bxa3 Bxa3 6. Nxa3 Ne7 7. Nb5 Qb6 8. e5 O-O 9. Bd3 a6 10. Nf3 Nbc6 11. Nd6 g6 12. c3 Qc7 13.
Qd2 Kg7 14. h4 b5 15. h5 Rh8 16. hxg6 hxg6 17. Rxh8 Kxh8 18. Qh6+ Kg8 19. Ng5 Nd8 20. Ke2 Qxc3 21. Rh1 Qb2+ 22.
Kf3 Bb7+ 23. Kg3 Nf5+ 24. Nxf5 1-0

[Event "Open NK Rapid 2025 bord 26-50"]
[Site "Helmond, Netherlands"]
[Date "2025.05.03"]
[Round "4.15"]
[White "Timmer, Michel"]
[Black "Oostvogels, Niek"]
[Result "1-0"]
[TimeControl "15 min +5 sec increment"]
[WhiteFideId "40104524"]
[BlackFideId "1051725"]
[WhiteElo "1796"]
[BlackElo "1949"]

1. e4 d5 2. d4 dxe4 3. Nc3 Nf6 4. Bg5 Nbd7 5. f3 exf3 6. Nxf3 c6 7. Bd3 e6 8. O-O Be7 9. Qe1 Nd5 10.
Bxe7 Qxe7 11. Qg3 N7f6 12. Ne5 Bd7 13. Nxd5 Nxd5 14. Rxf7 Qb4 15. Rxd7 Qxd4+ 16. Kh1 1-0

[Event "Open NK Rapid 2025 bord 26-50"]
[Site "Helmond, Netherlands"]
[Date "2025.05.03"]
[Round "4.16"]
[White "Alhasan, Husam"]
[Black "Wolff, Christoph"]
[Result "0-1"]
[TimeControl "15 min +5 sec increment"]
[WhiteFideId "11515090"]
[BlackFideId "4648706"]
[WhiteElo "1795"]
[BlackElo "1941"]

1. d4 Nf6 2. c4 g6 3. Nc3 d5 4. cxd5 Nxd5 5. e4 Nxc3 6. bxc3 Bg7 7. Be3 c5 8. Qd2 O-O 9. Nf3 Bg4 10.
Be2 Nc6 11. d5 Bxf3 12. gxf3 Qa5 13. Rc1 Rfd8 14. Qb2 Nb4 15. a3 Na6 16. Bxa6 bxa6 17. Bd2 Qb5 18. Qc2 Rab8 19. Bf4 Rb7 20.
a4 Qc4 21. Kd2 e6 22. Qd3 Rb2+ 23. Ke3 Qxd3+ 24. Kxd3 exd5 25. Ke3 d4+ 26. Kd3 dxc3+ 27. Kc4 Rxf2 28. Rhf1 Rd4+ 29. Kxc5 Rxf1 30.
Rxf1 Rxa4 31. Bb8 c2 32. Rc1 Bf8+ 33. Bd6 Bxd6+ 34. Kxd6 Rc4 35. e5 a5 0-1

[Event "Open NK Rapid 2025 bord 26-50"]
[Site "Helmond, Netherlands"]
[Date "2025.05.03"]
[Round "4.17"]
[White "Kaufmann, Thomas"]
[Black "Gergin, Isafara"]
[Result "0-1"]
[TimeControl "15 min +5 sec increment"]
[WhiteFideId "1084941"]
[BlackFideId "1082167"]
[WhiteElo "1939"]
[BlackElo "1779"]

1. Nf3 d5 2. c4 dxc4 3. Na3 Nf6 4. Nxc4 g6 5. g3 Bg7 6. Bg2 O-O 7. d3 Nbd7 8. O-O Nb6 9. Ncd2 c6 10. Qc2 h6 11. b3 a5 12. a3 Qc7 13.
Bb2 Nbd5 14. Rac1 Be6 15. Nd4 Bd7 16. e4 Nb6 17. N2f3 Ng4 18. h3 Ne5 19. Nxe5 Qxe5 20. f4 Qc7 21.
Nf3 Qc8 22. Kh2 Qd8 23. Bxg7 Kxg7 24. Qc3+ Kh7 25. Ne5 f6 26. Nxd7 Qxd7 27. d4 Rfd8 28. Rcd1 Qe8 29. Qc5 Nc8 30.
e5 Qf7 31. Qc2 Nb6 32. f5 g5 33. Rfe1 Nd5 34. e6 Qh5 35. g4 Qe8 36. Bxd5 Rxd5 37. Re3 Qd8 38. Qb2 Qd6+ 39. Kg2 Rd8 40.
Red3 Qf4 41. Qf2 Qd6 42. Qb2 Kg7 43. b4 axb4 44. axb4 Rb5 45. Rb3 Qd5+ 46. Kf2 Qe4 47. Qe2 Rxd4 48.
Qxe4 Rxe4 49. Rd7 Rbxb4 50. Rxe7+ Kf8 51. Rxb7 Rxb3 52. Rxb3 Ke7 53. Rb7+ Kd6 54. Rd7+ Ke5 55. Rh7 0-1

[Event "Open NK Rapid 2025 bord 26-50"]
[Site "Helmond, Netherlands"]
[Date "2025.05.03"]
[Round "4.18"]
[White "Frederiks, Jesse"]
[Black "Tetova, Amir"]
[Result "1-0"]
[TimeControl "15 min +5 sec increment"]
[WhiteFideId "1095790"]
[BlackFideId "1095838"]
[WhiteElo "1937"]
[BlackElo "1759"]

1. d4 Nf6 2. Nf3 g6 3.
Nbd2 Bg7 4. e4 d6 5. Bd3 O-O 6.
c3 Nbd7 7. Qc2 e5 8. O-O b6 9. Re1 Bb7 10. Nf1 c5 11. d5 Nh5 12. g3 f5 13. Ng5 Qe7 14. Ne6 Rfc8 15. c4 fxe4 16.
Bxe4 Bf6 17. Ne3 Ng7 18. Nxg7 Qxg7 19. Ng4 Be7 20. Bh6 Qf7 21. Be3 Bf8 22. Rf1 Nf6 23. Nxf6+ Qxf6 24. Rae1 Bg7 25. b3 Rf8 26. f4 Qe7 27.
f5 g5 28. Kg2 Bf6 29. Qe2 Qf7 30.
g4 h6 31. h4 Qg7 32. Qd2 gxh4 33. Kh3 Bg5 34. Rf3 Rf6 35. Qe2 Raf8 36. Bf2 Kf7 37. Rg1 Rh8 38. Rd3 Ke7 39. Qe1 Qf7 40.
Bxh4 Qg7 41. Bxg5 hxg5+ 42. Kg2 Rh4 43. Rg3 Qh7 44. Rh1 Rxh1 45. Qxh1 Qxh1+ 46. Kxh1 Rh6+ 47. Kg2 Kf6 48. a3 Ba6 49.
Rh3 Rxh3 50. Kxh3 b5 51.
cxb5 Bxb5 52. Kg3 a5 53. Kf3 a4 54. bxa4 Bxa4 55. Ke3 Bd1 56. Bf3 Bb3 57. Be4 Ba4 58. Kd2 Bb5 59. Ke3 Ba4 60. Kd2 Bb5 61. Bc2 Bc4 62. Be4 Bb5 63. Ke3 Ba4 64. Bd3 Bd1 65. Be2 Bb3 66.
Bf3 Ba4 67. Kd2 Bb5 68. Be4 Bc4 69. a4 Ba6 70. a5 Bb5 71. Kc3 Ba6 72. Bd3 Bb7 73. a6 Ba8 74.
Kc4 Ke7 75. Bc2 Kf6 76. Ba4 Ke7 77.
a7 Kd8 78. Bc6 1-0

[Event "Open NK Rapid 2025 bord 26-50"]
[Site "Helmond, Netherlands"]
[Date "2025.05.03"]
[Round "4.19"]
[White "Kryshtopa, Dmytro"]
[Black "Garay, Enzo"]
[Result "0-1"]
[TimeControl "15 min +5 sec increment"]
[WhiteFideId "34160876"]
[BlackFideId "40104125"]
[WhiteElo "1791"]
[BlackElo "1933"]

1. e4 e6 2. d4 d5 3. e5 c5 4. c3 Nc6 5. Nf3 Bd7 6. a3 f6 7. exf6 Nxf6 8. Bf4 cxd4 9. cxd4 Qb6 10.
b4 Be7 11. Nc3 O-O 12. Na4 Qd8 13. Bd3 Ne4 14. Bg3 Nxg3 15. hxg3 h6 16. Bc2 Bd6 17. Qd3 Qf6 18. Qh7+ Kf7 19.
Nc5 Bxc5 20. bxc5 e5 21. Rh4 Rh8 22. dxe5 Nxe5 23. Rf4 Nxf3+ 24. gxf3 Rxh7 25. Rxf6+ Kxf6 26. Bxh7 g6 27. Rd1 Bc6 28.
Rd4 Re8+ 29. Kd2 Kg7 30. Bxg6 Kxg6 31. Rg4+ Kh7 32. Rf4 a5 33. Rf7+ Kg6 34. Rf4 h5 35. g4 h4 36. g5 0-1

[Event "Open NK Rapid 2025 bord 26-50"]
[Site "Helmond, Netherlands"]
[Date "2025.05.03"]
[Round "4.20"]
[White "Zhang, Xiheng"]
[Black "Meulmeester, Luuk"]
[Result "0-1"]
[TimeControl "15 min +5 sec increment"]
[WhiteFideId "40102386"]
[BlackFideId "40111776"]
[WhiteElo "1778"]
[BlackElo "1929"]

1. e4 c5 2. Nf3 Nc6 3. d4 cxd4 4. Nxd4 Nf6 5. Nc3 e5 6. Ndb5 d6 7. Bg5 Be7 8. Bxf6 Bxf6 9. Nxd6+ Kf8 10.
Bc4 Be6 11. Bxe6 fxe6 12. Nxb7 Qb6 13. Nd6 Qxb2 14. Na4 Qa3 15. c4 Nd4 16. Nb5 Qb4+ 17. Nbc3 Qxc4 18. Rc1 Rc8 19. Nb2 Qa6 20.
Qd3 Qxd3 21. Nxd3 Ke7 22. f3 Bg5 23. f4 exf4 24. h4 Bh6 25. Nd1 Rxc1 26. Nxc1 f3 27. Nd3 fxg2 28. Rg1 Nf3+ 29. Kf2 Nxg1 30. Kxg1 Rd8 31.
N1b2 Rd4 32. Kxg2 Bc1 33. Nxc1 Rd2+ 34. Kf3 Rxb2 35. a3 Rc2 36. Ne2 Ra2 37. Nd4 Rxa3+ 38. Kg4 Kf6 39. Nb5 Ra5 40. Nd6 h5+ 41. Kf4 e5+ 42.
Kf3 Ra3+ 43. Kg2 g5 44. hxg5+ Kxg5 45. Nc4 Ra4 46. Nxe5 Rxe4 47. Nf3+ Kg4 48. Nh2+ Kf4 49. Nf1 Re2+ 50.
Kg1 a5 51. Kh1 Kf3 52. Nh2+ Kg3 53. Nf1+ Kh3 54. Kg1 a4 55. Kh1 a3 56. Kg1 a2 57. Kh1 a1=Q 58. Kg1 Rg2+ 0-1

[Event "Open NK Rapid 2025 bord 26-50"]
[Site "Helmond, Netherlands"]
[Date "2025.05.03"]
[Round "4.21"]
[White "De Oude, Sybe"]
[Black "Blok, Lukas"]
[Result "0-1"]
[TimeControl "15 min +5 sec increment"]
[WhiteFideId "40110052"]
[BlackFideId "40110494"]
[WhiteElo "1914"]
[BlackElo "1741"]

1. e4 d6 2. Nc3 Nf6 3. f4 g6 4. Nf3 Bg7 5. Bc4 O-O 6. d3 c5 7. O-O a6 8. a4 Nc6 9. Qe1 e5 10.
Qh4 Nh5 11. Qxd8 Rxd8 12. fxe5 Nxe5 13. Nxe5 Bxe5 14. Bxf7+ Kg7 15. Bg5 Nf6 16. Bd5 Rb8 17. h3 h6 18. Bxf6+ Bxf6 19. Rf3 b5 20.
axb5 axb5 21. Raf1 Rf8 22. Bc6 b4 23.
Nd1 Be6 24. b3 Rb6 25. Bd5 Bxd5 26. exd5 Ra6 27. Ne3 Ra2 28. Kh1 h5 29. g4 hxg4 30. Nxg4 Be7 31. Rxf8 Bxf8 32. Rf2 Ra1+ 33. Kg2 Re1 34. Nf6 Re5 35. Nd7 Rg5+ 36.
Kf1 Be7 37. Re2 Rf5+ 38. Kg2 Rg5+ 39. Kf3 Rf5+ 40. Kg4 Rg5+ 41. Kf4 Rf5+ 42. Kg3 Rg5+ 43. Kf2 Rf5+ 44. Kg2 Rg5+ 45. Kh2 Kf7 46.
Rf2+ Kg7 47. Nb6 Bd8 48. Nc4 Rxd5 49. Re2 Kf7 50. Kg3 Rg5+ 51. Kf3 Rf5+ 52. Kg3 Rg5+ 53. Kh2 Be7 54. Nd2 Rf5 55. Ne4 d5 56. Nf2 Bd6+ 57. Kg2 Rg5+ 58. Ng4 Rh5 59. Rf2+ Kg7 60. Rf6 Be7 61. Rc6 Rf5 62.
Rc7 Kf8 63. Rd7 Ke8 64. Ra7 Kf8 65.
Ne3 Rg5+ 66. Kf3 Rh5 67. Kg4 Re5 68. Kf4 Rh5 69. Kg4 Re5 70. Kf3 c4 71. dxc4 Rxe3+ 72. Kf4 Re4+ 73. Kf3 Re3+ 74.
Kf4 Rxh3 75. cxd5 Rc3 76. Ra2 Rc5 77. Ke4 g5 78. Kd4 Rc3 79. Ra8+ Kf7 80. Ra1 Rxc2 81. Rf1+ Kg6 82. Ke5 Re2+ 83.
Kd4 Bf6+ 84. Kc4 Re4+ 85. Kc5 Re5 86. Kc6 Be7 87. Rd1 Re3 88. d6 Rc3+ 89. Kb5 Bd8 90. Kxb4 Rf3 91. Kc4 g4 92.
b4 g3 93. Rg1 Kf5 94. Kd5 Rd3+ 95. Kc6 Kf4 96. b5 Kf3 97. b6 Bxb6 98. Kxb6 Rxd6+ 99. Kc5 Rd2 100. Rf1+ Rf2 101. Rc1 g2 102. Rc3+ Kg4 103. Rc4+ Kh3 104. Rc3+ Kh2 105. Kd4 g1=Q 106. Ke4 Re2+ 107. Kd3 Re3+ 0-1